 Dungeon Crawl Stone Soup version 0.27-a0-1177-g245c70e1c0 (webtiles) character file.

Game seed: 16961633622319063590

161 Gorglomux the Cutter (level 5, 0/26 HPs)
             Began as a Vine Stalker Warper on May 16, 2021.
             Killed from afar by Blork the orc (2 damage)
             ... with a magic dart
             ... on level 5 of the Dungeon.
             The game lasted 00:03:19 (3504 turns).

Gorglomux the Cutter (Vine Stalker Warper)          Turns: 3504, Time: 00:03:19

Health: 0/26       AC:  3    Str: 15    XL:     5   Next: 42%
Magic:  0/9        EV: 11    Int: 13    God:
Gold:   143        SH:  0    Dex: 13    Spells: 6/8 levels left

rFire    . . .     SeeInvis .   a - +0 short sword
rCold    + . .     Faith    .   (no shield)
rNeg     . . .     Spirit   +   b - +0 leather armour
rPois    .         Reflect  .   (no helmet)
rElec    .         Harm     .   (no cloak)
rCorr    .         Rampage  .   (no gloves)
Will     .....                  (no boots)
Stlth    +.........             t - amulet of the acrobat
HPRegen  1.08/turn              c - ring of protection from cold
MPRegen  0.11/turn              (no ring)

@: lethally poisoned (0 -> -1), hasted, very quick
A: fangs 2, regeneration 1, magic shield, antimagic bite, no potion heal 2
a: no special abilities


You were on level 5 of the Dungeon.
You visited 1 branch of the dungeon, and saw 5 of its levels.

You collected 143 gold pieces.

Inventory:

Hand Weapons
 a - a +0 short sword (weapon)
Missiles
 e - 23 poisoned darts (quivered)
 K - 5 boomerangs of dispersal
 Z - a throwing net
Armour
 b - a +0 leather armour (worn)
 g - a +0 helmet
 u - the +0 chain mail "Caj Goomy" {Int+6}
   (You found it on level 4 of the Dungeon)

   It affects your intelligence (+6).
Jewellery
 c - a ring of protection from cold (left hand)
 t - an amulet of the acrobat (around neck)
Wands
 I - a wand of iceblast (8)
Scrolls
 j - a scroll of fog {unknown}
 k - a scroll of teleportation {unknown}
 l - a scroll of enchant weapon {unknown}
 o - a scroll of amnesia {unknown}
 p - a scroll of magic mapping {unknown}
 s - 2 scrolls of identify {unknown}
 B - a scroll of blinking
Potions
 f - 2 potions of degeneration {unknown}
 h - 2 potions of magic {unknown}
 i - 2 potions of flight {unknown}
 m - a potion of curing {unknown}
 n - 2 potions of might {unknown}
 q - a potion of attraction {unknown}
 r - a potion of mutation {unknown}
 H - 2 potions of haste


   Skills:
 - Level 1.7 Fighting
 + Level 5.0 Short Blades
 - Level 0.8 Throwing
 - Level 0.7 Armour
 - Level 1.5 Dodging
 - Level 2.1 Spellcasting
 - Level 3.0 Translocations


You had 6 spell levels left.
You knew the following spells:

 Your Spells              Type           Power      Damage    Failure   Level
d - Blink                 Tloc           N/A        N/A       14%         2

Your spell library contained the following spells:

 Spells                   Type           Power      Damage    Failure   Level
 Gell's Gravitas          Tloc           4%         N/A       26%         3
 Lesser Beckoning         Tloc           4%         N/A       26%         3
 Teleport Other           Tloc           9%         N/A       26%         3
 Magic Dart               Conj           4%         1d3       30%         1
 Shock                    Conj/Air       4%         1d3       30%         1
 Searing Ray              Conj           2%         3d3       43%         2
 Static Discharge         Conj/Air       1%         N/A       43%         2
 Dazzling Flash           Conj/Hex       2%         N/A       67%         3
 Swiftness                Air            1%         N/A       67%         3
 Iskenderun's Mystic Bla  Conj/Tloc      5%         2d3       86%         4
 Manifold Assault         Tloc           9%         N/A       94%         5
 Airstrike                Air            0%         N/A       97%         4
 Fulminant Prism          Conj/Hex       0%         3d6       97%         4
 Lightning Bolt           Conj/Air       0%         1d11      100%        5


Dungeon Overview and Level Annotations

Branches:
Dungeon (5/15)
 Temple: D:4-7

Altars:

Annotations:
D:3 1 runed translucent door, Crazy Yiuf
D:5 Blork the orc


Innate Abilities, Weirdness & Mutations

You have extremely sharp teeth.
Your natural rate of healing is unusually fast.
When hurt, damage is shared between your health and your magic reserves.
Your bite disrupts and absorbs the magic of your enemies.
Potions cannot restore your health.


Message History

Throw: 28 darts (poison)
Press: ? - help, Q - select action, (/) - cycle Shift-Dir - straight line, f - Blork the orc
Aim: Blork the orc, wielding a +1 trident of venom and wearing a +2 robe of cold resistance (60% to hit)
You throw a poisoned dart.
The poisoned dart barely misses Blork the orc.
Throw: 27 darts (poison)
Press: ? - help, Q - select action, (/) - cycle Shift-Dir - straight line, f/p - Blork the orc
Aim: Blork the orc, wielding a +1 trident of venom and wearing a +2 robe of cold resistance (60% to hit)
You throw a poisoned dart.
The poisoned dart barely misses Blork the orc.
Throw: 26 darts (poison)
Press: ? - help, Q - select action, (/) - cycle Shift-Dir - straight line, f/p - Blork the orc
Aim: Blork the orc, wielding a +1 trident of venom and wearing a +2 robe of cold resistance (60% to hit)
You throw a poisoned dart. The poisoned dart hits Blork the orc.
Blork the orc is poisoned.
Throw: 25 darts (poison)
Press: ? - help, Q - select action, (/) - cycle Shift-Dir - straight line, f/p - Blork the orc
Aim: Blork the orc, wielding a +1 trident of venom and wearing a +2 robe of cold resistance (poisoned, 60% to hit)
You throw a poisoned dart. The poisoned dart hits Blork the orc.
Blork the orc looks even sicker.
Throw: 24 darts (poison)
Press: ? - help, Q - select action, (/) - cycle Shift-Dir - straight line, f/p - Blork the orc
Aim: Blork the orc, wielding a +1 trident of venom and wearing a +2 robe of cold resistance (very poisoned, 60% to hit)
You throw a poisoned dart.
The poisoned dart closely misses Blork the orc.
Blork the orc hits you from afar with a +1 trident of venom!
You are poisoned.
Throw: 23 darts (poison)
Press: ? - help, Q - select action, (/) - cycle Shift-Dir - straight line, f/p - Blork the orc
Aim: Blork the orc, wielding a +1 trident of venom and wearing a +2 robe of cold resistance (very poisoned, 60% to hit)
Okay, then.
You feel sick.
Blork the orc hits you from afar with a +1 trident of venom!
You are more poisoned.
You feel very sick.
Blork the orc casts a spell.
Blork the orc seems to speed up.
You feel very sick.
You feel sick.
Blork the orc gestures at you while chanting.
The magic dart hits you!
* * * LOW HITPOINT WARNING * * *
There is a stone staircase leading up here.
It was a potion of haste.
You feel yourself speed up.
H - 2 potions of haste You feel sick.
Blork the orc screams, "You are the ugliest creature I've ever seen!"
Blork the orc casts a spell at you. The magic dart hits you.
You die...

##.###.##
..>.#..........
.#....#......#
..... ......# #
#.... #.....#
#.#.#.###....#
#......##...#
#....@.o....###.#
#.##........?...#
##.......#####
#.#.##..# ...#.#
(.# #####.# .(#
#.# ..# #.# ...
#.# #.(.


You could see Blork the orc (fast, poisoned).

Vanquished Creatures
  An iguana (D:4)
  6 adders
  3 worms
  An adder skeleton (D:4)
  A dart slug (D:4)
  7 ball pythons
  3 endoplasms
  4 giant cockroaches
  6 goblins
  3 hobgoblins
  12 jackals
  A kobold (D:1)
  3 quokkas
  4 bats
  7 frilled lizards
  5 rats
67 creatures vanquished.

Notes
Turn   | Place    | Note
-------+----------+-------------------------------------------
     0 | D:1      | Gorglomux the Vine Stalker Warper began the quest for the
                  | Orb.
     0 | D:1      | Reached XP level 1. HP: 11/11 MP: 4/4
    24 | D:1      | Reached skill level 2 in Short Blades
   142 | D:1      | Reached XP level 2. HP: 15/15 MP: 6/6
   625 | D:1      | Reached skill level 3 in Short Blades
   757 | D:1      | Reached XP level 3. HP: 7/18 MP: 1/7
  1448 | D:2      | Learned a level 2 spell: Blink
  1918 | D:2      | Gained mutation: Your natural rate of healing is unusually
                  | fast. [Vine Stalker growth]
  1918 | D:2      | Reached XP level 4. HP: 22/23 MP: 6/8
  2041 | D:2      | Reached skill level 4 in Short Blades
  2490 | D:3      | Found a faded altar of an unknown god.
  2827 | D:3      | Reached XP level 5. HP: 26/26 MP: 7/9
  2892 | D:3      | Found a runed translucent door.
  2893 | D:3      | Noticed Crazy Yiuf
  3309 | D:4      | Reached skill level 5 in Short Blades
  3354 | D:4      | Identified the +0 chain mail "Caj Goomy" {Int+6}
  3490 | D:5      | Entered Level 5 of the Dungeon
  3494 | D:5      | Noticed Blork the orc
  3503 | D:5      | HP: 1/26 [Blork the orc/magic dart (5)]
  3504 | D:5      | Killed from afar by Blork the orc

Illustrated notes

Levels and vault maps discovered:
D:1:      amcnicky_arrival_feature_with_door, layout_loops_cross
D:2:      layout_loops_ring
D:3:      layout_basic, hellmonk_ecumenical_altar_pennies_from_heaven,
          serial_shops, nicolae_shop_behind_doors, uniq_crazy_yiuf_cottage
D:4:      layout_rooms
D:5:      layout_loops_ring, zin_statuary, minmay_temple_entry_enclosed_plants,
          uniq_blork_the_orc, uniq_edmund, uniq_duvessa

Skill      XL: |  1  2  3  4  5 |
---------------+----------------+-----
Short Blades   | 2 3 4 5 |  5.0
Fighting       | |  1.7
Throwing       | |  0.8
Armour         | |  0.7
Dodging        | |  1.5
Spellcasting   | |  2.1
Translocations | |  3.0

Action                   |  1- 3 |  4- 6 || total
-------------------------+-------+-------++-------
Melee: Short sword       |   144 |   137 ||   281
       Bite              |    27 |    27 ||    54
Throw: Dart              |    17 |     9 ||    26
  Use: Potion            |       |     1 ||     1
 Stab: Sleeping          |     1 |       ||     1
Armor: Leather armour    |    31 |    33 ||    64
Dodge: Dodged            |    84 |    89 ||   173

Table legend: (Time is in decaauts)
 A = Elapsed time spent in this place.
 B = Non-inter-level travel time spent in this place.
 C = Inter-level travel time spent in this place.
 D = Time resting spent in this place.
 E = Time spent auto-exploring this place.
 F = Levels seen in this place.
 G = Mean time per level.
                   A        B        C        D        E       F      G
               +--------+--------+--------+--------+--------+-----+--------+
         Total |   3483 |   3378 |    105 |     27 |   2845 |   5 |  696.6 |
       Dungeon |   3483 |   3378 |    105 |     27 |   2845 |   5 |  696.6 |
               +--------+--------+--------+--------+--------+-----+--------+

Top non-repeatable levels by time:
     D:1: 1275 daAuts
     D:2: 1081 daAuts
     D:3: 569 daAuts
     D:4: 543 daAuts
     D:5: 13 daAuts
